[Event "Paracin Open 2020"]
[Site "Paracin"]
[Date "2020.07.07"]
[Round "5.9"]
[White "Sredojevic, Ivan"]
[Black "Pastar, Slaven"]
[Result "1/2-1/2"]
[ECO "C65"]
[WhiteElo "2239"]
[BlackElo "2323"]
[Annotator "ChessBase"]
[PlyCount "162"]
[EventDate "2020.07.03"]
[EventType "swiss"]
[EventCountry "SRB"]
[SourceTitle "playchess.com"]
[Source "ChessBase"]
[SourceQuality "1"]
[TimeControl "5400+30"]

1. e4 e5 2. Nf3 Nc6 3. Bb5 Nf6 4. d3 Bc5 5. O-O d6 6. c3 O-O 7. h3 Ne7 8. Re1 Ng6 9. Nbd2 Bd7 10. Bc4 a6 11. Nf1 Re8 12. Ng5 Rf8 13. Nf3 Bc6 14. Ng3 d5 15. exd5 Bxd5 16. Nxe5 Nxe5 17. Rxe5 Bxf2+ 18. Kxf2 Bxc4 19. Bg5 Bxd3 20. Re3 Bg6 21. Qxd8 Raxd8 22. Bxf6 gxf6 23. Rae1 Rd2+ 24. R1e2 Rfd8 25. Re8+ Kg7 26. Rxd8 Rxd8 27. Kf3 c5 28. Kf4 Rd5 29. Re7 b5 30. Re2 b4 31. cxb4 cxb4 32. Re3 Bc2 33. Re2 Bb1 34. a3 bxa3 35. bxa3 a5 36. Re3 h5 37. Kf3 Bc2 38. Rc3 h4 39. Nf1 Bg6 40. Ne3 Bh5+ 41. Ke4 Re5+ 42. Kf4 Bg6 43. Rc4 Rb5 44. Kf3 Bh5+ 45. Kf2 Rb2+ 46. Kg1 Be2 47. Rxh4 Bb5 48. Rh5 a4 49. Rc5 Bd7 50. Nc2 Ra2 51. Rc3 Be6 52. Nd4 f5 53. Kh2 Kf6 54. Kg3 Bd5 55. Nf3 Rb2 56. Rc5 Be6 57. Ra5 Bb3 58. Ra6+ Kg7 59. Nd4 f4+ 60. Kf3 Ra2 61. Nxb3 axb3 62. a4 f6 63. Rb6 b2 64. a5 Rxa5 65. Rxb2 Ra4 66. Re2 f5 67. Re6 Kf7 68. Rh6 Kg7 69. Rh4 Kf6 70. Rxf4 Ra3+ 71. Kf2 Kg5 72. Rf3 Ra2+ 73. Kg3 f4+ 74. Kh2 Ra5 75. Rb3 Ra2 76. Rb5+ Kg6 77. h4 f3 78. Rg5+ Kf6 79. Rg3 Rxg2+ 80. Rxg2 fxg2 81. Kxg2 Ke5 1/2-1/2

[Event "Paracin Open 2020"]
[Site "Paracin"]
[Date "2020.07.07"]
[Round "6.8"]
[White "Radeva, Viktoria"]
[Black "Todorovic, Nenad I"]
[Result "0-1"]
[ECO "B53"]
[WhiteElo "2327"]
[BlackElo "2295"]
[Annotator "ChessBase"]
[PlyCount "82"]
[EventDate "2020.07.03"]
[EventType "swiss"]
[EventCountry "SRB"]
[SourceTitle "playchess.com"]
[Source "ChessBase"]
[SourceQuality "1"]
[TimeControl "5400+30"]

1. e4 c5 2. Nf3 d6 3. d4 cxd4 4. Qxd4 a6 5. h3 Nc6 6. Qe3 g6 7. Be2 Bg7 8. O-O Nf6 9. c4 O-O 10. Nc3 Nd7 11. Rd1 Nc5 12. Rb1 Bxc3 13. bxc3 f6 14. Ba3 b6 15. Nd4 Bd7 16. f4 Qc7 17. h4 Na5 18. f5 Nc6 19. Nxc6 Bxc6 20. Bf3 Nd7 21. Bc1 gxf5 22. exf5 Bxf3 23. Qxf3 Ne5 24. Qd5+ Kh8 25. Be3 Qxc4 26. Rxb6 Qxd5 27. Rxd5 Nc4 28. Rd3 Nxb6 29. Bxb6 Rab8 30. Bd4 Kg8 31. Rd2 Kf7 32. Kf2 h5 33. a4 Rb3 34. Kf3 Rg8 35. g3 Ra3 36. Rb2 Rxa4 37. Rb7 Ra1 38. Rc7 Ra5 39. Be3 Rxf5+ 40. Bf4 Rc5 41. Bxd6 Rxc7 0-1

[Event "Paracin Open 2020"]
[Site "Paracin"]
[Date "2020.07.07"]
[Round "6.9"]
[White "Aleksic, Neven"]
[Black "Pasti, Aron"]
[Result "1-0"]
[ECO "E10"]
[WhiteElo "2169"]
[BlackElo "2338"]
[Annotator "ChessBase"]
[PlyCount "77"]
[EventDate "2020.07.03"]
[EventType "swiss"]
[EventCountry "SRB"]
[SourceTitle "playchess.com"]
[Source "ChessBase"]
[SourceQuality "1"]
[TimeControl "5400+30"]

1. d4 Nf6 2. c4 e6 3. Nf3 d5 4. cxd5 exd5 5. Nc3 c6 6. Bg5 h6 7. Bh4 Bf5 8. Qb3 g5 9. Bg3 Qb6 10. e3 Nbd7 11. Be2 Be7 12. Nd2 O-O 13. O-O Rfe8 14. Rfe1 Nf8 15. Rac1 Ng6 16. f3 Bf8 17. Bf1 Rac8 18. a3 h5 19. Qxb6 axb6 20. h3 g4 21. hxg4 hxg4 22. e4 dxe4 23. fxe4 Be6 24. Nc4 Nh5 25. Bf2 Bxc4 26. Bxc4 g3 27. Be3 b5 28. Bb3 b4 29. axb4 Bxb4 30. Rf1 Rf8 31. e5 Bxc3 32. bxc3 c5 33. Bd5 b5 34. e6 Rcd8 35. exf7+ Kh7 36. Be6 Ng7 37. d5 Nxe6 38. dxe6 Rc8 39. Rf5 1-0

[Event "Paracin Open 2020"]
[Site "Paracin"]
[Date "2020.07.07"]
[Round "6.10"]
[White "Pastar, Slaven"]
[Black "Van Dael, Siem"]
[Result "1/2-1/2"]
[ECO "E61"]
[WhiteElo "2323"]
[BlackElo "2293"]
[Annotator "ChessBase"]
[PlyCount "42"]
[EventDate "2020.07.03"]
[EventType "swiss"]
[EventCountry "SRB"]
[SourceTitle "playchess.com"]
[Source "ChessBase"]
[SourceQuality "1"]
[TimeControl "5400+30"]

1. d4 Nf6 2. c4 g6 3. Nc3 Bg7 4. Nf3 d6 5. Bg5 h6 6. Bh4 Nbd7 7. e3 O-O 8. Nd2 e5 9. Be2 c6 10. O-O exd4 11. exd4 Re8 12. Rc1 d5 13. cxd5 g5 14. Bg3 Nxd5 15. Nc4 Nxc3 16. bxc3 Nf6 17. Nd6 Re6 18. Nxc8 Rxc8 19. Bf3 Qa5 20. Qb3 b6 21. Be5 Rce8 1/2-1/2

[Event "Paracin Open 2020"]
[Site "Paracin"]
[Date "2020.07.07"]
[Round "6.13"]
[White "Tisma, Ivan"]
[Black "Formento, Paolo"]
[Result "0-1"]
[ECO "A06"]
[WhiteElo "2088"]
[BlackElo "2294"]
[Annotator "ChessBase"]
[PlyCount "116"]
[EventDate "2020.07.03"]
[EventType "swiss"]
[EventCountry "SRB"]
[SourceTitle "playchess.com"]
[Source "ChessBase"]
[SourceQuality "1"]
[TimeControl "5400+30"]

1. Nf3 d5 2. g3 c6 3. Bg2 Nf6 4. O-O Bf5 5. d3 h6 6. Nbd2 e6 7. c4 Nbd7 8. Re1 Bh7 9. a3 a5 10. b3 Bc5 11. Bb2 O-O 12. Qc1 Rc8 13. Bc3 e5 14. d4 exd4 15. Bxd4 Ne4 16. Qb2 Qb6 17. cxd5 cxd5 18. Bxc5 Qxc5 19. Nd4 Qc3 20. Qxc3 Rxc3 21. Ra2 Rfc8 22. Bh3 Rc1 23. Rxc1 Rxc1+ 24. Kg2 Nc3 25. Rb2 Ne5 26. N2f3 Be4 27. Bf5 Nxe2 28. Bxe4 Nxd4 29. Bxd5 Ndxf3 30. Bxf3 Nd3 31. Re2 Ne1+ 32. Rxe1 Rxe1 33. Bxb7 Ra1 34. a4 g5 35. h3 Rc1 36. Bd5 Rc3 37. Kf1 Rc2 38. Kg2 Kg7 39. Kf3 f5 40. Ke3 Kf6 41. Bc4 h5 42. h4 f4+ 43. gxf4 gxh4 44. Kf3 Rc3+ 45. Kg2 Kf5 46. Bd5 Kxf4 47. Bf7 Kg5 48. Bd5 h3+ 49. Kh2 Kh4 50. Bc4 Rc2 51. Kg1 h2+ 52. Kxh2 Rxf2+ 53. Kg1 Rb2 54. Bd5 Kg3 55. Kf1 h4 56. Ke1 h3 57. Kd1 h2 58. Kc1 Rg2 0-1

[Event "Paracin Open 2020"]
[Site "Paracin"]
[Date "2020.07.07"]
[Round "6.14"]
[White "Mitev, Valentin"]
[Black "Katic, Goran"]
[Result "1-0"]
[ECO "B06"]
[WhiteElo "2240"]
[BlackElo "1967"]
[Annotator "ChessBase"]
[PlyCount "43"]
[EventDate "2020.07.03"]
[EventType "swiss"]
[EventCountry "SRB"]
[SourceTitle "playchess.com"]
[Source "ChessBase"]
[SourceQuality "1"]
[TimeControl "5400+30"]

1. d4 g6 2. e4 Bg7 3. Nc3 a6 4. f4 d5 5. Nxd5 e6 6. Nc3 Bxd4 7. Nge2 Bxc3+ 8. Nxc3 Qxd1+ 9. Nxd1 Ne7 10. b3 Nd7 11. Bb2 f6 12. g4 Rf8 13. Be2 Nc6 14. Ne3 g5 15. f5 Nde5 16. h4 h6 17. hxg5 hxg5 18. Ba3 Rg8 19. Rh7 Nf7 20. Bc4 Ncd8 21. O-O-O c6 22. Rxd8+ 1-0

[Event "Paracin Open 2020"]
[Site "Paracin"]
[Date "2020.07.07"]
[Round "6.15"]
[White "Sahin, Ozgun"]
[Black "Radojkovic, Stefan"]
[Result "1-0"]
[ECO "B81"]
[WhiteElo "2220"]
[BlackElo "1898"]
[Annotator "ChessBase"]
[PlyCount "82"]
[EventDate "2020.07.03"]
[EventType "swiss"]
[EventCountry "SRB"]
[SourceTitle "playchess.com"]
[Source "ChessBase"]
[SourceQuality "1"]
[TimeControl "5400+30"]

1. e4 c5 2. Nf3 e6 3. d4 cxd4 4. Nxd4 Nf6 5. Nc3 d6 6. g4 a6 7. g5 Nfd7 8. h4 b5 9. a3 Bb7 10. Be3 Nc6 11. h5 Nxd4 12. Qxd4 Ne5 13. Be2 Rc8 14. O-O-O Qa5 15. h6 Rxc3 16. Qxc3 Qxc3 17. bxc3 Bxe4 18. Rh4 Bd5 19. a4 Bc4 20. Bxc4 Nxc4 21. Rxc4 bxc4 22. hxg7 Bxg7 23. Rxd6 a5 24. Rc6 O-O 25. Rxc4 f6 26. Rc5 fxg5 27. Rxg5 Rf5 28. Rxf5 exf5 29. Kd2 h5 30. Bb6 Kf7 31. Bxa5 Ke6 32. Bd8 Kd7 33. Bg5 Kc6 34. Kd3 Bf8 35. f3 Bd6 36. Bh4 Kd5 37. c4+ Kc5 38. a5 Bh2 39. Bf2+ Kc6 40. a6 f4 41. c5 Kd5 1-0

[Event "Paracin Open 2020"]
[Site "Paracin"]
[Date "2020.07.07"]
[Round "6.16"]
[White "Djokic, Slavoljub"]
[Black "Radisavljevic, Dalibor"]
[Result "1/2-1/2"]
[ECO "A16"]
[WhiteElo "2077"]
[BlackElo "2214"]
[Annotator "ChessBase"]
[PlyCount "115"]
[EventDate "2020.07.03"]
[EventType "swiss"]
[EventCountry "SRB"]
[SourceTitle "playchess.com"]
[Source "ChessBase"]
[SourceQuality "1"]
[TimeControl "5400+30"]

1. c4 Nf6 2. Nc3 g6 3. Nf3 Bg7 4. g3 O-O 5. Bg2 d6 6. O-O e5 7. d4 Nbd7 8. dxe5 dxe5 9. Bg5 h6 10. Bxf6 Bxf6 11. Qd2 Bg7 12. Rad1 c6 13. Ne4 Qc7 14. Nd6 Rd8 15. Nxc8 Raxc8 16. Qc2 Nf8 17. Bh3 Rxd1 18. Rxd1 Rd8 19. e4 Nh7 20. b4 Ng5 21. Nxg5 hxg5 22. a3 Bf8 23. c5 a5 24. Bf1 axb4 25. axb4 Rxd1 26. Qxd1 b6 27. cxb6 Qxb6 28. Qd7 Qxb4 29. Qxc6 Kg7 30. Qd5 Qe7 31. Bc4 Qf6 32. Kg2 Bb4 33. f3 Bc3 34. Qd7 Bd4 35. Bd5 Be3 36. Bc4 g4 37. Qxg4 Qc6 38. Bf1 Qc1 39. Qd7 Qe1 40. Qb5 Qf2+ 41. Kh3 Bd4 42. Qd3 Qb2 43. Be2 Qb6 44. f4 exf4 45. gxf4 Qc5 46. Qf3 Qc3 47. Bd3 Qd2 48. Bb1 Qc3 49. Qg3 Qxg3+ 50. hxg3 f6 51. Kg4 Bb2 52. Kf3 g5 53. Kg4 gxf4 54. gxf4 Bc3 55. Kf5 Bb2 56. e5 fxe5 57. fxe5 Bxe5 58. Kxe5 1/2-1/2

[Event "Paracin Open 2020"]
[Site "Paracin"]
[Date "2020.07.08"]
[Round "7.1"]
[White "Basso, Pier Luigi"]
[Black "Ratkovic, Milovan"]
[Result "1-0"]
[ECO "D21"]
[WhiteElo "2596"]
[BlackElo "2435"]
[Annotator "RC"]
[PlyCount "189"]
[EventDate "2020.07.03"]
[EventType "swiss"]
[EventCountry "SRB"]
[SourceTitle "playchess.com"]
[Source "ChessBase"]
[SourceQuality "1"]
[TimeControl "5400+30"]

1. d4 d5 2. c4 dxc4 3. Nf3 a6 4. e3 Bg4 5. h3 Bh5 6. Nc3 e6 7. g4 Bg6 8. Ne5 Nd7 9. Nxg6 hxg6 10. Bxc4 Ngf6 11. Bf1 c6 12. Bg2 Bd6 13. O-O Nd5 14. e4 Nf4 15. Bxf4 Bxf4 16. d5 Qe7 17. dxc6 bxc6 18. e5 Bxe5 19. Bxc6 Rd8 20. Qe2 Bxc3 21. bxc3 O-O 22. Bxd7 Rxd7 23. Rfd1 Rc7 24. Qxa6 Rxc3 25. Rd3 Rc2 26. Rad1 Qc5 27. Rf3 e5 28. Qa3 Qc4 29. Qe7 Rc1 30. Rxc1 Qxc1+ 31. Kg2 Qc4 32. a3 e4 33. Re3 f5 34. Qe5 Qf7 35. gxf5 gxf5 36. Qf4 Qf6 37. Rg3 Ra8 38. Rg5 Rf8 39. h4 Qc6 40. Kh2 Qc5 41. a4 Qa7 42. h5 Rf6 43. Rg6 Qf7 44. Qg5 Re6 45. Rxe6 Qxe6 46. h6 Qd6+ 47. Kg2 g6 48. Qe3 Kh7 49. a5 f4 50. Qxe4 Kxh6 51. Qf3 Kg5 52. Qb7 Qe6 53. Qf3 Qd6 54. Qe4 Kf6 55. Qb7 Qd1 56. Qf3 Qd6 57. Qb3 Qc6+ 58. Kh2 Ke5 59. Qb6 Qf3 60. Qc5+ Kf6 61. a6 g5 62. Qd4+ Kg6 63. a7 Qh5+ 64. Kg1 Qg4+ 65. Kf1 Qh3+ 66. Ke2 Qe6+ 67. Kd2 Qa2+ 68. Kd1 Qb1+ 69. Ke2 Qa2+ 70. Kf3 Qb3+ 71. Kg2 Qb7+ 72. f3 Kf7 73. Qe4 Qb2+ 74. Kh3 g4+ 75. Kxg4 Qg2+ 76. Kxf4 Qh2+ 77. Ke3 Qg1+ 78. Kd3 Qb1+ 79. Kc4 Qa2+ 80. Kb5 Qb3+ 81. Kc6 Qc3+ 82. Kd7 Qd2+ 83. Kc8 Qc3+ 84. Kb8 Qh8+ 85. Kb7 Qb2+ 86. Kc6 Qc3+ 87. Kb5 Qb3+ 88. Qb4 Qd5+ 89. Qc5 Qb3+ 90. Ka6 Qa2+ 91. Kb7 Qb3+ 92. Kc7 Qxf3 93. Qc6 Qg3+ 94. Kc8 Qg8+ 95. Kb7 1-0

[Event "Paracin Open 2020"]
[Site "Paracin"]
[Date "2020.07.08"]
[Round "7.4"]
[White "Todorovic, Nenad I"]
[Black "Cabarkapa, Novak"]
[Result "1-0"]
[ECO "B01"]
[WhiteElo "2295"]
[BlackElo "2459"]
[Annotator "RC"]
[PlyCount "61"]
[EventDate "2020.07.03"]
[EventType "swiss"]
[EventCountry "SRB"]
[SourceTitle "playchess.com"]
[Source "ChessBase"]
[SourceQuality "1"]
[TimeControl "5400+30"]

1. e4 d5 2. exd5 Qxd5 3. Nc3 Qd8 4. d4 Nf6 5. Nf3 g6 6. Bc4 Bg7 7. O-O O-O 8. Re1 a6 9. a4 Nc6 10. h3 b6 11. Bg5 Bb7 12. Qd2 e6 13. Rad1 Ne7 14. Ne5 Nf5 15. Ng4 h5 16. Ne5 Nd6 17. Bb3 b5 18. axb5 axb5 19. Qf4 Kh7 20. f3 b4 21. Ne4 Bxe4 22. fxe4 Nde8 23. d5 exd5 24. Bxd5 Nxd5 25. Rxd5 Bxe5 26. Qxe5 Qb8 27. Be7 f6 28. Qe6 Ng7 29. Qc6 Rf7 30. Rd8 Qa7+ 31. Bc5 1-0

[Event "Paracin Open 2020"]
[Site "Paracin"]
[Date "2020.07.08"]
[Round "7.10"]
[White "Formento, Paolo"]
[Black "Durak, Can"]
[Result "1/2-1/2"]
[ECO "A06"]
[WhiteElo "2294"]
[BlackElo "1847"]
[Annotator "ChessBase"]
[PlyCount "66"]
[EventDate "2020.07.03"]
[EventType "swiss"]
[EventCountry "SRB"]
[SourceTitle "playchess.com"]
[Source "ChessBase"]
[SourceQuality "1"]
[TimeControl "5400+30"]

1. Nf3 d5 2. b3 Nf6 3. Bb2 e6 4. e3 Be7 5. d4 O-O 6. Bd3 c5 7. O-O b6 8. Ne5 Bb7 9. Nd2 Nc6 10. f4 Rc8 11. a3 a6 12. g4 Nxe5 13. dxe5 Ne8 14. Be2 d4 15. exd4 cxd4 16. Bf3 d3 17. cxd3 Bxf3 18. Rxf3 f6 19. Ne4 fxe5 20. Bxe5 Nf6 21. Bxf6 Bxf6 22. Ra2 Bd4+ 23. Kg2 Qd5 24. Re2 Rc6 25. Qd2 Qxb3 26. Qb4 Qxb4 27. axb4 h6 28. Ra2 b5 29. f5 exf5 30. Rxf5 Rd8 31. h4 g6 32. Rf3 Rdc8 33. Nc5 Bxc5 1/2-1/2

[Event "Paracin Open 2020"]
[Site "Paracin"]
[Date "2020.07.08"]
[Round "7.11"]
[White "Van Dael, Siem"]
[Black "Kisic, Jovan"]
[Result "1/2-1/2"]
[ECO "B02"]
[WhiteElo "2293"]
[BlackElo "1860"]
[Annotator "ChessBase"]
[PlyCount "109"]
[EventDate "2020.07.03"]
[EventType "swiss"]
[EventCountry "SRB"]
[SourceTitle "playchess.com"]
[Source "ChessBase"]
[SourceQuality "1"]
[TimeControl "5400+30"]

1. e4 Nf6 2. Nc3 d5 3. exd5 Nxd5 4. Bc4 Nxc3 5. bxc3 e6 6. Nf3 Be7 7. d4 O-O 8. O-O b6 9. Qe2 Bb7 10. Bd3 Qd5 11. c4 Qh5 12. Be4 Bxe4 13. Qxe4 Na6 14. Bf4 Qf5 15. Qxf5 exf5 16. Rfe1 Bb4 17. Re5 g6 18. Bh6 Rfe8 19. Rd1 f6 20. Re3 Kf7 21. h4 Re4 22. Rxe4 fxe4 23. Nd2 Re8 24. Nf1 Bd6 25. Bd2 Nb8 26. c3 Nd7 27. Ne3 c6 28. Bc1 Bb8 29. Nc2 a5 30. a4 f5 31. Ba3 Rd8 32. Rb1 f4 33. Re1 Re8 34. Na1 h6 35. Nb3 g5 36. hxg5 hxg5 37. c5 Bc7 38. cxb6 Nxb6 39. Nxa5 Nxa4 40. Nxc6 Nxc3 41. Bb2 Nd5 42. Ne5+ Bxe5 43. dxe5 e3 44. fxe3 Nxe3 45. g3 Nc4 46. Bc3 fxg3 47. Kg2 Ke6 48. Kxg3 Kd5 49. Rd1+ Ke6 50. Ra1 Kf5 51. Rf1+ Ke4 52. Re1+ Kf5 53. e6 Rxe6 54. Rxe6 Kxe6 55. Kg4 1/2-1/2

[Event "Paracin Open 2020"]
[Site "Paracin"]
[Date "2020.07.08"]
[Round "7.12"]
[White "Tirelli, Mauro"]
[Black "Ivanovic, Marko"]
[Result "0-1"]
[ECO "A05"]
[WhiteElo "2187"]
[BlackElo "2267"]
[Annotator "ChessBase"]
[PlyCount "48"]
[EventDate "2020.07.03"]
[EventType "swiss"]
[EventCountry "SRB"]
[SourceTitle "playchess.com"]
[Source "ChessBase"]
[SourceQuality "1"]
[TimeControl "5400+30"]

1. Nf3 Nf6 2. g3 c5 3. Bg2 Nc6 4. O-O g6 5. c4 d6 6. Nc3 Bg7 7. a3 Be6 8. d3 Qc8 9. Re1 Bh3 10. Bh1 h5 11. Bg5 Ng4 12. Rb1 h4 13. Nd5 hxg3 14. hxg3 Nge5 15. b4 Qf5 16. Qd2 f6 17. Nxe5 Nxe5 18. Be4 Qg4 19. bxc5 fxg5 20. Rxb7 Qh5 21. Rxe7+ Kf8 22. Rb1 Bf5 23. Bg2 Qh2+ 24. Kf1 Bh3 0-1

[Event "Paracin Open 2020"]
[Site "Paracin"]
[Date "2020.07.08"]
[Round "7.13"]
[White "Stankovic, Boris"]
[Black "Mitev, Valentin"]
[Result "0-1"]
[ECO "B50"]
[WhiteElo "2119"]
[BlackElo "2240"]
[Annotator "ChessBase"]
[PlyCount "78"]
[EventDate "2020.07.03"]
[EventType "swiss"]
[EventCountry "SRB"]
[SourceTitle "playchess.com"]
[Source "ChessBase"]
[SourceQuality "1"]
[TimeControl "5400+30"]

1. e4 c5 2. Nf3 d6 3. c3 Nf6 4. Be2 g6 5. O-O Bg7 6. Re1 O-O 7. Bf1 Nc6 8. h3 e5 9. d3 d5 10. Nbd2 h6 11. g3 Be6 12. Bg2 Qd7 13. Kh2 Rad8 14. Qc2 Rfe8 15. a3 a5 16. exd5 Nxd5 17. Nc4 Qc7 18. Be3 b5 19. Ncd2 Qb6 20. Ne4 Nxe3 21. fxe3 f5 22. Nf2 a4 23. Nd2 Na5 24. c4 bxc4 25. Qxa4 e4 26. dxe4 Bxb2 27. exf5 Bxa1 28. fxe6 Be5 29. Nxc4 Nxc4 30. Qxc4 Qxe6 31. Qxc5 Bd6 32. Qc3 Bxg3+ 33. Kg1 h5 34. a4 Qa2 35. Rf1 Rf8 36. Qc6 Rd6 37. Qb5 Rxf2 38. Qe8+ Kg7 39. Qe7+ Qf7 0-1

[Event "Paracin Open 2020"]
[Site "Paracin"]
[Date "2020.07.09"]
[Round "8.3"]
[White "Ivanovic, Marko"]
[Black "Todorovic, Nenad I"]
[Result "1-0"]
[ECO "A46"]
[WhiteElo "2267"]
[BlackElo "2295"]
[Annotator "ChessBase"]
[PlyCount "57"]
[EventDate "2020.07.03"]
[EventType "swiss"]
[EventCountry "SRB"]
[SourceTitle "playchess.com"]
[Source "ChessBase"]
[SourceQuality "1"]
[TimeControl "5400+30"]

1. d4 Nf6 2. Nf3 e6 3. Bg5 c5 4. e3 Be7 5. Nbd2 cxd4 6. exd4 O-O 7. c3 b6 8. Bd3 Bb7 9. Qe2 d6 10. Bxf6 Bxf6 11. h4 g6 12. h5 Nd7 13. hxg6 hxg6 14. O-O-O e5 15. dxe5 Nxe5 16. Be4 Nxf3 17. Qxf3 d5 18. Qh3 Re8 19. Bxg6 fxg6 20. Qh7+ Kf8 21. Qxb7 Re7 22. Qc6 Rc7 23. Qb5 Qd7 24. Qd3 Rac8 25. Kb1 Qg4 26. Qxd5 Rc5 27. Qf3 Qf5+ 28. Qxf5 Rxf5 29. Ne4 1-0

[Event "Paracin Open 2020"]
[Site "Paracin"]
[Date "2020.07.09"]
[Round "8.6"]
[White "Mitev, Valentin"]
[Black "Sredojevic, Ivan"]
[Result "0-1"]
[ECO "E71"]
[WhiteElo "2240"]
[BlackElo "2239"]
[Annotator "ChessBase"]
[PlyCount "92"]
[EventDate "2020.07.03"]
[EventType "swiss"]
[EventCountry "SRB"]
[SourceTitle "playchess.com"]
[Source "ChessBase"]
[SourceQuality "1"]
[TimeControl "5400+30"]

1. d4 d6 2. c4 Nf6 3. Nc3 g6 4. e4 Bg7 5. h3 O-O 6. Be3 e5 7. d5 a5 8. g4 Na6 9. f3 Nd7 10. h4 Bf6 11. g5 Be7 12. Qd2 h5 13. Nh3 Ndc5 14. Nf2 Nb4 15. Bh3 Bxh3 16. Rxh3 Qd7 17. Rg3 Kh7 18. Ke2 Nba6 19. Rag1 a4 20. f4 exf4 21. Bxf4 a3 22. b3 Rfe8 23. Nb5 Bf8 24. Re3 Bg7 25. Kd1 Qe7 26. Rge1 Nd7 27. Nd3 Ne5 28. Nxe5 Bxe5 29. Qh2 Qd7 30. Rf1 Bg7 31. Qg3 Nb4 32. Nxc7 Qxc7 33. Bxd6 Qb6 34. c5 Qb5 35. Rxf7 Kg8 36. Qf4 Bd4 37. Rf6 Bxf6 38. gxf6 Kf7 39. Be7 Rad8 40. Qf3 Rd7 41. Kc1 Rexe7 42. fxe7+ Kxe7 43. d6+ Ke8 44. Kd2 Qxc5 45. e5 Qc2+ 46. Ke1 Rf7 0-1

[Event "Paracin Open 2020"]
[Site "Paracin"]
[Date "2020.07.09"]
[Round "8.11"]
[White "Durak, Can"]
[Black "Pasti, Aron"]
[Result "0-1"]
[ECO "D35"]
[WhiteElo "1847"]
[BlackElo "2325"]
[Annotator "RC"]
[PlyCount "104"]
[EventDate "2020.07.03"]
[EventType "swiss"]
[EventCountry "SRB"]
[SourceTitle "playchess.com"]
[Source "ChessBase"]
[SourceQuality "1"]
[TimeControl "5400+30"]

1. d4 d5 2. c4 e6 3. Nc3 Nf6 4. cxd5 exd5 5. Bg5 Be7 6. e3 O-O 7. Bd3 Re8 8. Qc2 h6 9. Bh4 c5 10. Nge2 c4 11. Bf5 Nc6 12. a3 a6 13. O-O Nh5 14. Bg3 Nxg3 15. hxg3 Bg5 16. Bxc8 Rxc8 17. Qf5 Ne7 18. Qf3 Qd7 19. b3 b5 20. b4 Red8 21. a4 Ra8 22. Rfb1 Qb7 23. Ra2 Kf8 24. Rba1 bxa4 25. Rxa4 Kg8 26. Rb1 Rd6 27. Ra5 Rf6 28. Nf4 Bxf4 29. gxf4 Rd6 30. Kh2 Rb8 31. Na4 Qc8 32. Qh3 f5 33. Nc3 Qd7 34. Qf3 Qd8 35. g3 Rxb4 36. Rxb4 Qxa5 37. Rb7 Qxc3 38. Rxe7 Qc2 39. Kg2 Kh7 40. Qh5 Rg6 41. Re8 Qa4 42. Re7 Rf6 43. Rc7 Qb5 44. Qf3 Rc6 45. Rd7 c3 46. Rxd5 Qb1 47. Rd7 Qe4 48. d5 Qxf3+ 49. Kxf3 Rc8 50. d6 c2 51. Rc7 Rxc7 52. dxc7 c1=Q 0-1

[Event "Paracin Open 2020"]
[Site "Paracin"]
[Date "2020.07.09"]
[Round "8.13"]
[White "Kisic, Jovan"]
[Black "Formento, Paolo"]
[Result "1/2-1/2"]
[ECO "A06"]
[WhiteElo "1903"]
[BlackElo "2294"]
[Annotator "ChessBase"]
[PlyCount "132"]
[EventDate "2020.07.03"]
[EventType "swiss"]
[EventCountry "SRB"]
[SourceTitle "playchess.com"]
[Source "ChessBase"]
[SourceQuality "1"]
[TimeControl "5400+30"]

1. g3 d5 2. Nf3 Nf6 3. Bg2 c6 4. O-O Bf5 5. d3 h6 6. Nbd2 e6 7. c4 Be7 8. b3 O-O 9. Bb2 Nbd7 10. Rc1 a5 11. a3 Bh7 12. Nb1 Qb6 13. Nbd2 Rfe8 14. cxd5 exd5 15. Bh3 a4 16. Rb1 axb3 17. Bxf6 Nxf6 18. Rxb3 Qc7 19. Qc1 Nd7 20. d4 Bd6 21. e3 Ra7 22. Qb2 b5 23. Bxd7 Qxd7 24. Ne5 Bxe5 25. dxe5 c5 26. Rc1 c4 27. Rxb5 Rxa3 28. Rb7 Ra2 29. Rxd7 Rxb2 30. Rxd5 Ra8 31. Rxc4 g5 32. Rcd4 Ra1+ 33. Kg2 Raa2 34. Kf3 Bf5 35. g4 Bg6 36. Kg3 Ra1 37. h3 Rg1+ 38. Kh2 Rd1 39. f4 gxf4 40. exf4 Be4 41. Rxe4 Rbxd2+ 42. Rxd2 Rxd2+ 43. Kg3 Rd3+ 44. Kh4 Rf3 45. f5 Kf8 46. e6 Ke7 47. exf7+ Kxf7 48. Re6 Kg7 49. Re7+ Kg8 50. Ra7 Rb3 51. Kh5 Rb6 52. h4 Rf6 53. g5 hxg5 54. Kxg5 Rb6 55. f6 Rb1 56. Kh6 Rf1 57. Kg6 Rg1+ 58. Kf5 Rf1+ 59. Ke6 Re1+ 60. Kd6 Rd1+ 61. Ke7 Re1+ 62. Kd8 Kf8 63. h5 Rd1+ 64. Kc8 Rc1+ 65. Kb8 Rb1+ 66. Ka8 Rb6 1/2-1/2

[Event "Paracin Open 2020"]
[Site "Paracin"]
[Date "2020.07.09"]
[Round "8.16"]
[White "Ivic, Matija"]
[Black "Katic, Goran"]
[Result "1-0"]
[ECO "A40"]
[WhiteElo "2225"]
[BlackElo "1967"]
[Annotator "ChessBase"]
[PlyCount "103"]
[EventDate "2020.07.03"]
[EventType "swiss"]
[EventCountry "SRB"]
[SourceTitle "playchess.com"]
[Source "ChessBase"]
[SourceQuality "1"]
[TimeControl "5400+30"]

1. d4 g6 2. c4 Bg7 3. Nc3 b6 4. e4 Bb7 5. Bg5 c5 6. d5 d6 7. Qd2 Nd7 8. f4 f6 9. Bh4 Nh6 10. Nf3 Nf7 11. Bd3 a6 12. O-O-O Qc7 13. Kb1 O-O-O 14. Rhe1 Rhe8 15. Bg3 Kb8 16. Re2 Ka7 17. Rde1 Bc8 18. h3 Bh6 19. Qc2 Bg7 20. Bh2 Bb7 21. Nd1 e5 22. dxe6 Rxe6 23. Nc3 Re7 24. Qa4 Qc6 25. Qa3 Qc8 26. Nd2 Kb8 27. Nf1 Ree8 28. Ne3 Ka7 29. g4 Nf8 30. Ned5 Bxd5 31. cxd5 Nd7 32. Bb5 Re7 33. Re3 Nb8 34. Qa4 Ka8 35. Bc6+ Nxc6 36. dxc6 b5 37. Nxb5 Qxc6 38. Ra3 Rb7 39. Qxa6+ Qxa6 40. Rxa6+ Kb8 41. a4 Kc8 42. Rd1 f5 43. gxf5 gxf5 44. exf5 Bf6 45. Bg1 Rbd7 46. Bxc5 Be7 47. Bd4 Nh6 48. f6 Bf8 49. Rc1+ Kb8 50. Rcc6 Nf5 51. Ba7+ Kb7 52. Rcb6+ 1-0